 Dungeon Crawl Stone Soup version 0.31.0-11-ge490571c62 (webtiles) character file.

Game seed: 18162102500554332003

60 Skitler the Shield-Bearer (level 3, -6/29 HPs)
             Began as a Demonspawn Fighter on Jan 28, 2024.
             Mangled by an orc
             ... wielding a +0 trident
              (8 damage)
             ... on level 3 of the Dungeon.
             The game lasted 00:03:28 (1937 turns).

Skitler the Shield-Bearer (Demonspawn Fighter)      Turns: 1937, Time: 00:03:28

Health: -6/29      AC:  8    Str: 18    XL:     3   Next: 80%
Magic:  3/3        EV:  7    Int:  8    God:
Gold:   46         SH:  4    Dex: 12    Spells: 2/2 levels left

rFire   . . .        a - +0 war axe
rCold   . . .        c - +0 buckler
rNeg    . . .        p - +0 chain mail
rPois   +            (no helmet)
rElec   .            (no cloak)
rCorr   .            (no gloves)
SInv    .            (no boots)
Will    .....        (no amulet) Stlth
                     g - ring of poison resistance
HPRegen 0.24/turn    (no ring)
MPRegen 0.08/turn

%: no passive effects
@: lethally poisoned (-6 -> -10)
A: ignite blood 1
a: no special abilities


You were on level 3 of the Dungeon.
You visited 1 branch of the dungeon, and saw 3 of its levels.

You collected 46 gold pieces.

Inventory:

Hand Weapons
 a - a +0 war axe (weapon)
Armour
 b - a +0 scale mail
 c - a +0 buckler (worn)
 p - a +0 chain mail (worn)
Jewellery
 g - a ring of poison resistance (left hand)
Scrolls
 h - a scroll of amnesia {unknown}
 j - 2 scrolls of identify {unknown}
 k - 2 scrolls of enchant weapon {unknown}
 l - a scroll of fear {unknown}
 n - 2 scrolls of vulnerability {unknown}
 q - 2 scrolls of poison {unknown}
Potions
 d - a potion of might
 e - a potion of attraction {unknown}
 f - a potion of heal wounds {unknown}
 i - a potion of curing {unknown}
 m - a potion of degeneration {unknown}
 o - 2 potions of cancellation {unknown}


   Skills:
 + Level 3.2 Fighting
 * Level 3.0 Axes
 - Level 2.6 Armour
 + Level 0.2 Dodging
 * Level 3.3 Shields


You had 2 spell levels left.
You didn't know any spells.
Your spell library contained the following spells:

 Spells                   Type           Power      Damage    Failure   Level
 Dazzling Flash           Conj/Hex       0%         N/A       100%        3
 Mephitic Cloud           Conj/Alch/Air  0%         N/A       100%        3
 Curse of Agony           Necr           0%         N/A       100%        5
 Silence                  Hex/Air        0%         N/A       100%        5


Dungeon Overview and Level Annotations

Branches:
Dungeon (3/15)

Altars:
Wu Jian
Xom


Innate Abilities, Weirdness & Mutations

Your demonic aura sometimes causes spilled blood to erupt in flames.


Message History

The adder bites you. The orc barely misses you. The adder bites you.
The orc barely misses you.
You miss the adder.
The adder is lightly wounded.
The adder barely misses you.
The orc hits you from afar with a +0 trident.
You block the adder's attack.
You miss the adder.
The adder is lightly wounded.
The adder barely misses you. The orc barely misses you. The adder bites you.
You are poisoned.
The adder poisons you!
You hit the adder but do no damage.
The adder is lightly wounded.
You feel sick. The orc hits you but does no damage.
The adder bites you but does no damage.
An orc comes into view. It is wielding a +0 hand axe.
The orc hits you but does no damage. The adder bites you.
You are more poisoned.
The adder poisons you!
You are too injured to fight recklessly!
You miss the adder.
The adder is lightly wounded.
You feel very sick.
The orc shouts!
The adder bites you.
* * * LOW HITPOINT WARNING * * *
The orc hits you from afar with a +0 trident.
* * * LOW HITPOINT WARNING * * *
Unknown command.
An endoplasm comes into view.
* * * LOW HITPOINT WARNING * * *
You feel sick.
The endoplasm quivers.
The adder attacks as it pursues you! The adder barely misses you.
You block the orc's attack. The adder closely misses you.
* * * LOW HITPOINT WARNING * * *
You feel sick.
The orc hits you from afar with a +0 trident!
You die...

#....#.# #.....#
#.#..#.# #.....#
#.#..#.# #.....#
#.#..#.# #.....#####
#.##...####..$.).....
..##.#...##...?......
## #.#.#.##..So......
#.#.#..#.......J..
..#.##...@.##.....
###.######...#####
#.# ###.# #.# .o. #+#
#'# ... # .. # # ##


You could see an adder, 2 orcs and an endoplasm.

Vanquished Creatures
  2 adders (D:2)
  A dart slug (D:1)
  2 ribbon worms (D:2)
  7 bats
  2 endoplasms
  5 goblins
  3 hobgoblins
  A quokka (D:2)
  3 ball pythons
  2 frilled lizards
  6 kobolds
  2 rats
36 creatures vanquished.

Notes
Turn   | Place    | Note
-------+----------+-------------------------------------------
     0 | D:1      | Skitler the Demonspawn Fighter began the quest for the Orb.
     0 | D:1      | Reached XP level 1. HP: 18/18 MP: 1/1
   744 | D:1      | Gained mutation: Your demonic aura sometimes causes spilled
                  | blood to erupt in flames. [demonic ancestry]
   744 | D:1      | Reached XP level 2. HP: 20/24 MP: 2/2
  1127 | D:2      | Reached XP level 3. HP: 28/29 MP: 3/3
  1777 | D:3      | Found a shimmering altar of Xom.
  1780 | D:3      | Found an ornate altar of the Wu Jian Council.
  1937 | D:3      | Mangled by an orc

Illustrated notes

Levels and vault maps discovered:
D:1:      lemuel_arrival_funnel, layout_loops_corners
D:2:      layout_basic
D:3:      layout_basic, nicolae_overflow_squiral, basic_ecumenical_altar

Skill      XL: |  1  2  3 |
---------------+----------+-----
Axes           | 2 3 |  3.0
Shields        | 3 |  3.3
Fighting       | |  3.2
Armour         | |  2.6
Dodging        | |  0.2

Action                     || total
---------------------------++-------
  Melee: War axe           ||   131
 Armour: Scale mail        ||    46
         Chain mail        ||    79
  Dodge: Dodged            ||    68
  Block: Buckler           ||    22
